 Dungeon Crawl Stone Soup version 0.24-a0-537-g2d01d4ab0a (webtiles) character file.

Game seed: 12605977756339895267

688 Mithandil the Shield-Bearer (level 7, 0/67 HPs)
             Began as a Minotaur Fighter on Aug 15, 2019.
             Slain by an orc priest
             ... wielding a +0 mace
              (4 damage)
             ... on level 5 of the Dungeon.
             The game lasted 00:26:05 (3876 turns).

Mithandil the Shield-Bearer (Minotaur Fighter)      Turns: 3876, Time: 00:26:06

Health: 0/67       AC: 13    Str: 25    XL:     7   Next: 36%
Magic:  0/7        EV:  8    Int:  5    God:
Gold:   239        SH: 10    Dex:  9    Spells: 7/7 levels left

rFire    . . .     SeeInvis .   a - +1 war axe
rCold    . . .     Gourm    .   c - +0 shield
rNeg     . . .     Faith    .   j - +0 plate armour
rPois    +         Spirit   +   (helmet restricted)
rElec    .         Reflect  .   (no cloak)
rCorr    +         Harm     .   (no gloves)
MR       .....                  (no boots)
Stlth    ..........             e - amulet of guardian spirit
HPRegen  0.21/turn              l - ring of resist corrosion
MPRegen  0.10/turn              t - ring of poison resistance

@: no status effects
A: retaliatory headbutt, horns 2, repulsion field 1, robust 1, shaggy fur 1,
strong 1, wild magic 1
a: no special abilities


You were on level 5 of the Dungeon.
You were not hungry.

You visited 2 branches of the dungeon, and saw 8 of its levels.

You collected 239 gold pieces.

Inventory:

Hand Weapons
 a - a +1 war axe (weapon)
 b - a +1 dagger of draining
 d - a +0 trident
 g - a +0 hunting sling
 i - a +2 dagger of protection
 n - a +1 flail of crushing
Missiles
 h - 229 stones
 k - 6 poisoned darts
 m - 91 sling bullets
 p - 8 atropa-tipped darts (quivered)
Armour
 c - a +0 shield (worn)
 j - a +0 plate armour (worn)
Jewellery
 e - an amulet of guardian spirit (around neck)
 l - a ring of resist corrosion (left hand)
 q - an uncursed ring of flight
 t - a ring of poison resistance (right hand)
Wands
 u - a wand of flame (24)
Scrolls
 o - a scroll of remove curse
 v - a scroll of identify
Comestibles
 f - 5 rations
 r - 2 chunks of flesh


   Skills:
 + Level 5.0 Fighting
 * Level 5.6 Axes
 + Level 5.1 Armour
 + Level 2.7 Dodging
 * Level 6.2 Shields
 + Level 0.9 Spellcasting


You had 7 spell levels left.
You didn't know any spells.
Your spell library contained the following spells:

 Spells                   Type           Power        Failure   Level  Hunger
 Magic Dart               Conj           #...         100%        1    ##.....
 Blink                    Tloc           N/A          100%        2    ###....
 Call Imp                 Summ           #.......     100%        2    ###....
 Slow                     Hex            #.......     100%        2    ###....
 Conjure Flame            Conj/Fire      #.......     100%        3    ####...
 Mephitic Cloud           Conj/Pois/Air  #.......     100%        3    ####...


Dungeon Overview and Level Annotations

Branches:
Dungeon (7/15)             Temple (1/1) D:4

Altars:
Ashenzari
Dithmenos
Fedhas
Gozag
Hepliaklqana
Kikubaaqudgha
Makhleb
Nemelex Xobeh
Okawaru
Qazlal
Ru
Trog
Uskayaw
Vehumet
Wu Jian
Yredelemnul
Zin

Annotations:
D:6 Menkaure


Innate Abilities, Weirdness & Mutations

You reflexively headbutt those who attack you in melee.
You have a pair of horns on your head.
You are surrounded by a mild repulsion field. (EV +2)
You are robust. (+10% HP)
You are covered in fur. (AC +1)
Your muscles are strong. (Str +2)
Your spells are a little harder to cast, but a little more powerful.


Message History

You hit the orc warrior but do no damage.
The orc warrior hits you with a +0 trident!
* * * LOW HITPOINT WARNING * * *
The orc priest casts a cantrip, but nothing happens.
Your shield and plate armour prevent you from hitting the orc priest.
The orc priest is heavily wounded.
You closely miss the orc warrior.
The orc warrior hits you but does no damage.
The orc priest barely misses you.
The orc warrior hits you with a +0 trident!
* * * LOW HITPOINT WARNING * * *
Your plate armour prevents you from hitting the orc priest.
You headbutt the orc priest, but do no damage.
The orc priest is heavily wounded.
You closely miss the orc warrior. You block the orc priest's attack.
You block the orc warrior's attack.
Your shield and plate armour prevent you from hitting the orc priest.
The orc priest is heavily wounded.
You closely miss the orc warrior. The orc priest hits you with a +0 mace.
You die...

#..# #..# .# .# ...##
#.# #. ....##..# ..
#.########## .<......##
### .#####..<.......
.......... #..
.....#.#########
........# ###.###... #
........##..#.#.oo##
.......##.###.#.@).#..#
.......#)##......_......
.#>.(((()...#..#....#.##
.##.##.###.##..##...#
.#####.###.##.....### .#
#......#...... .#
#......#####.##
.#####............#
..............### #


You could see an orc warrior and an orc priest.

Vanquished Creatures
  Edmund (D:4)
  An ice beast (D:5)
  A centaur (D:5)
  A water moccasin zombie (D:5)
  A crimson imp (D:5)
  A hound (D:6)
  An orc wizard (D:4)
  An iguana (D:6)
  Robin (D:3)
  5 gnolls
  4 adders
  3 oozes
  5 worms
  2 dart slugs
  4 leopard geckos
  6 orcs
  5 bats
  5 bat zombies (D:3)
  2 giant cockroaches
  17 goblins
  10 hobgoblins
  6 jackals
  3 quokkas
  4 frilled lizards
  6 kobolds
  A leopard gecko skeleton (D:2)
  A quokka skeleton (D:5)
  A quokka zombie (D:5)
  4 rats
103 creatures vanquished.

Notes
Turn   | Place    | Note
-------+----------+-------------------------------------------
     0 | D:1      | Mithandil the Minotaur Fighter began the quest for the Orb.
     0 | D:1      | Reached XP level 1. HP: 19/19 MP: 0/0
    74 | D:1      | Reached XP level 2. HP: 22/27 MP: 1/1
   154 | D:1      | Reached skill level 4 in Shields
   265 | D:1      | Reached XP level 3. HP: 30/33 MP: 2/2
   627 | D:2      | Reached skill level 1 in Dodging
  1072 | D:2      | You fall into a shaft and drop 1 floor!
  1156 | D:2      | Reached XP level 4. HP: 40/40 MP: 3/3
  1937 | D:3      | Noticed Robin
  1982 | D:3      | Killed Robin
  2473 | D:4      | Noticed Edmund
  2502 | D:3      | Reached XP level 5. HP: 46/46 MP: 4/4
  2535 | D:3      | Found an ancient bone altar of Kikubaaqudgha.
  2653 | D:3      | Found a hazy altar of Hepliaklqana.
  2826 | D:4      | Gained mutation: Your body sometimes deteriorates upon
                  | taking damage. [potion of mutation]
  2826 | D:4      | Gained mutation: You are robust. (+10% HP) [potion of
                  | mutation]
  2828 | D:4      | Found a staircase to the Ecumenical Temple.
  2834 | Temple   | Entered the Ecumenical Temple
  2957 | D:4      | Reached skill level 5 in Shields
  2962 | D:4      | Killed Edmund
  2962 | D:4      | Reached XP level 6. HP: 33/58 MP: 1/5
  2972 | D:4      | Lost mutation: Your body sometimes deteriorates upon taking
                  | damage. [potion of mutation]
  2972 | D:4      | Gained mutation: Your spells are a little harder to cast,
                  | but a little more powerful. [potion of mutation]
  2972 | D:4      | Gained mutation: You are surrounded by a mild repulsion
                  | field. (EV +2) [potion of mutation]
  2972 | D:4      | Gained mutation: You are covered in fur. (AC +1) [potion of
                  | mutation]
  2972 | D:4      | Gained mutation: Your muscles are strong. (Str +2) [potion
                  | of mutation]
  2988 | D:5      | Entered Level 5 of the Dungeon
  2988 | D:5      | Noticed an ice beast
  2988 | D:5      | Noticed an orc warrior
  3291 | D:4      | You fall into a shaft and drop 3 floors!
  3463 | D:6      | Noticed Menkaure
  3474 | D:5      | Reached skill level 5 in Axes
  3476 | D:5      | Found a shattered altar of Ashenzari.
  3817 | D:6      | Reached XP level 7. HP: 66/66 MP: 6/6
  3828 | D:5      | Reached skill level 5 in Armour
  3828 | D:5      | Reached skill level 6 in Shields
  3837 | D:5      | Reached skill level 5 in Fighting
  3859 | D:5      | Found a sacrificial altar of Ru.
  3876 | D:5      | Slain by an orc priest

Levels and vault maps discovered:
D:1:      scummos_arrival_hexagon, layout_rooms, st_stairs_8
D:2:      layout_loops_ring
D:3:      layout_rooms, old_standard_altar, kennysheep_vampire_church,
          kennysheep_crisscross, uniq_robin
D:4:      layout_cave_pools, minmay_temple_entry_hall, uniq_edmund
D:5:      layout_loops_ring, evilmike_ruin_ashenzari, lemuel_crystal_altar,
          nicolae_overflow_crystal_walls, kennysheep_mini_moat, first_ration
D:6:      layout_basic, gammafunk_ghost_cemetery, minmay_misc_feat_tower,
          lightli_minifort, uniq_menkaure
D:7:      layout_loops_corners
Temple:   nicolae_temple_god_jail

Skill      XL: |  1  2  3  4  5  6  7 |
---------------+----------------------+-----
Shields        | 4 5 6 |  6.2
Axes           | 3 4 5 |  5.6
Dodging        | 1 2 |  2.7
Armour         | 4 5 |  5.1
Fighting       | 4 5 |  5.0
Spellcasting   | |  0.9

Action                   |  1- 3 |  4- 6 |  7- 9 || total
-------------------------+-------+-------+-------++-------
Melee: War axe           |   140 |   211 |    24 ||   375
       Headbutt          |    18 |    23 |     6 ||    47
  Use: Scroll            |     5 |     8 |       ||    13
       Potion            |     3 |     5 |     1 ||     9
  Eat: Chunk             |     1 |     8 |     1 ||    10
Armor: Scale mail        |    11 |       |       ||    11
       Plate armour      |    99 |   205 |    11 ||   315
Dodge: Dodged            |    32 |    79 |     6 ||   117
Block: Shield            |    94 |   170 |    16 ||   280

Table legend:
 A = Non-vault XP
 B = Vault XP
 C = Vault XP percentage of total XP
 D = Non-vault monster count
 E = Vault monster count
 F = Vault count percentage of total count
                 A         B        C        D         E       F
            +---------+---------+-------+---------+---------+-------
      Total |     764 |     219 |  22.3 |      82 |      21 |  20.4
            +---------+---------+-------+---------+---------+-------
        D:1 |      57 |       4 |   6.6 |      20 |       2 |   9.1
        D:2 |      54 |       0 |   0.0 |      15 |       0 |   0.0
        D:3 |      57 |      46 |  44.7 |      19 |      18 |  48.6
        D:4 |     135 |     169 |  55.6 |      14 |       1 |   6.7
        D:5 |     368 |       0 |   0.0 |       9 |       0 |   0.0
        D:6 |      86 |       0 |   0.0 |       4 |       0 |   0.0
        D:7 |       7 |       0 |   0.0 |       1 |       0 |   0.0
            +---------+---------+-------+---------+---------+-------
